 Dungeon Crawl Stone Soup version 0.18.0-2-g198d6d4 (webtiles) character file.

42 juanjsm the Sneak (level 3, -2/16 HPs)
             Began as a Spriggan Enchanter on May 5, 2016.
             Killed from afar by Natasha (7 damage)
             ... with a magic dart
             ... on level 2 of the Dungeon.
             The game lasted 00:04:00 (1420 turns).

juanjsm the Sneak (Spriggan Enchanter)              Turns: 1420, Time: 00:04:01

Health: -2/16      AC:  3    Str:  4    XL:     3   Next: 35%
Magic:  4/8        EV: 17    Int: 17    God:
Gold:   118        SH:  0    Dex: 16    Spells: 3 memorised, 1 level left

rFire  . . .     SeeInvis +     a - +1 dagger
rCold  . . .     Gourm    .     b - +1 robe
rNeg   . . .     Faith    .     (shield restricted)
rPois  .         Spirit   .     i - +0 hat
rElec  .         Dismiss  .     (no cloak)
rCorr  .         Reflect  .     (gloves unavailable)
SustAt .         Harm     .     (boots unavailable)
MR     .....                    (no amulet)
Stlth  +++.......               (no ring)
                                (no ring)

@: drained, very quick, not resistant to hostile enchantments, fairly stealthy
A: unfitting armour, see invisible, herbivore 3, speed 3, slow metabolism 2
a: no special abilities


You were on level 2 of the Dungeon.
You were not hungry.

You visited 1 branch of the dungeon, and saw 4 of its levels.

You collected 118 gold pieces.

Inventory:

Hand Weapons
 a - a +1 dagger (weapon)
 h - a +2 dagger of draining
Armour
 b - a +1 robe (worn)
 i - a +0 hat (worn)
Scrolls
 e - 2 scrolls of fog {unknown}
 f - 3 scrolls of identify {unknown}
 g - 2 scrolls of teleportation {unknown}
 j - a scroll of enchant weapon {unknown}
Books
 c - a book of Maledictions

   Spells                             Type                      Level
   a - Corona                         Hexes                        1
   b - Ensorcelled Hibernation        Hexes/Ice                    2
   c - Confuse                        Hexes                        3
   d - Tukima's Dance                 Hexes                        3
   e - Dazzling Spray                 Conjuration/Hexes            3
Comestibles
 d - 2 bread rations


   Skills:
 + Level 1.4(0.4) Short Blades
 + Level 3.2(2.1) Dodging
 + Level 5.4(4.3) Stealth
 + Level 2.8(1.8) Spellcasting
 + Level 4.3(3.2) Hexes
 + Level 0.1(0.0) Ice Magic


You had one spell level left.
You knew the following spells:

 Your Spells              Type           Power        Failure   Level  Hunger
a - Corona                Hex            ##.....      6%          1    #......
b - Ensorcelled Hibernat  Hex/Ice        #.....       17%         2    ###....
c - Confuse               Hex            ##......     17%         3    ###....


Dungeon Overview and Level Annotations

Branches:
Dungeon (4/15)
 Temple: D:4-7

Altars:

Annotations:
D:2 Natasha
D:3 Ijyb


Innate Abilities, Weirdness & Mutations

You are tiny and cannot use many weapons and most armour.
You have supernaturally acute eyesight.
You are a herbivore.
You cover ground extremely quickly.
You need consume almost no food.


Message History

You puncture the kobold!
You kill the kobold!
Found a scroll labeled FYIKYI WESEG.
Natasha stares at you and mumbles some strange words.
The magic dart hits you!
Ouch! That really hurt!
You see here a scroll labeled FYIKYI WESEG.
e - 2 scrolls labeled FYIKYI WESEG (gained 1) Natasha claws you.
Casting: Ensorcelled Hibernation
Confirm with . or Enter, or press ? or * to list all spells.
Aiming: Confuse
Press: ? - help, Shift-Dir - straight line, f - Natasha
Aim: Natasha (chance to defeat MR: 43%) Natasha resists with some effort.
Natasha casts a spell.
Natasha barely misses you.
Natasha stares at you and mumbles some strange words.
The magic dart hits you!
You die...

#.#.#....S.
#########'#.+......
#..........##....r.
#..........+ g..w.
#..........# ....
#..........# .g.
#..........# ..
#..........# .
#..@.......#
#..........#
#...h5.....#
#..........#
#..........#
#..........#
############


You could see Natasha and a crimson imp.

Vanquished Creatures
  2 adders
  A giant cockroach (D:1)
  2 goblins (D:1)
  4 hobgoblins
  A ball python (D:1)
  5 bats
  2 giant newts
  5 kobolds
  3 rats (D:1)
25 creatures vanquished.

Notes
Turn   | Place    | Note
--------------------------------------------------------------
     0 | D:1      | juanjsm the Spriggan Enchanter began the quest for the Orb.
     0 | D:1      | Reached XP level 1. HP: 9/9 MP: 5/5
   127 | D:1      | Reached XP level 2. HP: 13/13 MP: 2/6
   131 | D:1      | Learned a level 2 spell: Ensorcelled Hibernation
   168 | D:3      | Noticed Ijyb
  1065 | D:3      | Reached skill level 5 in Stealth
  1065 | D:3      | Reached XP level 3. HP: 10/16 MP: 0/8
  1070 | D:3      | Learned a level 3 spell: Confuse
  1193 | D:2      | Found a faded altar to an unknown god.
  1404 | D:2      | Noticed Natasha
  1420 | D:2      | Killed from afar by Natasha

Skill      XL: |  1  2 |
---------------+-------+-----
Hexes          | 4 |  4.3
Stealth        | 5 |  5.4
Short Blades   | |  1.4
Dodging        | |  3.2
Spellcasting   | |  2.8
Ice Magic      | |  0.1

Action                   || total
-------------------------++-------
Melee: Dagger            ||    59
 Cast: Corona            ||    10
       Ensorcelled Hiber ||     9
       Confuse           ||     1
 Stab: Sleeping          ||    16
Armor: Robe              ||    11
Dodge: Dodged            ||    45
